Map: Neon Violet Square LE

Players

jdiaz

  • Race: Zerg Zerg
  • Spawn Location: 11:00

CinDra - Winner!

  • Race: Protoss Protoss
  • Spawn Location: 5:00

VOD

Have the link to the VOD?

Description

Time

  • Played on: Jan. 23, 2018, 12:53 p.m.
  • Length: 18:01
Show
View Real Time Build Order
Export as new Build Order

jdiaz Zerg 

Build Orders: Pool First 

Get SALT Encoding   

  12  0:01  Drone  
  13  0:09  Drone  
  14  0:18  Overlord  
  14  0:37  Drone x2  
  14  0:38  Drone  
  17  0:50  Drone  
  17  0:55  Extractor  
  17  1:03  Spawning Pool  
  17  1:04  Drone  
  17  1:15  Drone  
  18  1:24  Drone  
  19  1:32  Overlord  
  19  1:42  Drone  
  20  1:57  Drone  
  21  2:06  Zergling x2  
  21  2:07  Hatchery, Queen  
  23  2:43  Drone x3  
  26  2:53  Extractor  
  25  3:01  Drone  
  25  3:02  Queen  
  28  3:08  Drone  
  29  3:20  Lair  
  29  3:24  Drone x2  
  31  3:32  Drone x2  
  31  3:33  Drone x2  
  35  3:44  Evolution Chamber  
  35  3:48  Roach Warren  
  33  3:54  Drone x3  
  36  3:58  Overlord x2  
  36  4:05  Metabolic Boost  
  36  4:45  Roach x7  
  50  4:50  Roach  
  52  5:04  Overlord x3  
  52  5:28  Tunneling Claws  
  52  5:35  Burrow  
  52  5:39  Zergling x8  
  52  5:40  Zergling x4  
  52  5:41  Zergling x2  
  59  5:54  Drone x2, Extractor  
  59  5:55  Drone x4  
  64  6:15  Hatchery  
  63  6:19  Zergling x6  
  63  6:20  Zergling x2  
  63  6:21  Overlord  
  63  6:22  Overlord  
  67  6:56  Glial Reconstitution, Zerg Melee Weapons Level 1  
  67  7:21  Roach  
  67  7:22  Roach x7  
  82  7:23  Roach x4  
  90  7:36  Roach x2  
  90  7:37  Roach x2  
  98  7:39  Overlord  
  98  7:43  Extractor  
  97  8:11  Spire  
  96  8:15  Infestation Pit  
  96  8:18  Overlord x3  
  96  8:27  Drone x3  
  98  8:38  Drone x5  
  103  8:50  Zerg Missile Weapons Level 1  
  103  9:23  Hatchery  
  102  9:27  Queen  
  104  9:40  Roach x20, Ravager x2  
  104  9:41  Ravager x2  
  108  9:46  Roach x4  
  108  9:47  Roach x3  
  108  9:48  Overlord x2  
  108  9:49  Overlord x4  
  84  10:17  Zergling x2  
  84  10:18  Zergling x10  
  88  10:25  Lair  
  88  10:30  Zerg Flyer Weapons Level 1  
  88  10:44  Zerg Melee Weapons Level 2  
  85  11:12  Drone x2  
  85  11:13  Drone x8  
  85  11:14  Drone x2  
  97  11:31  Hive  
  97  11:43  Nydus Network  
  96  12:03  Roach x2  
  96  12:04  Roach x7  
  96  12:05  Roach x6  
  96  12:06  Roach x3  
  64  13:01  Roach x2  
  64  13:02  Roach  
  62  13:06  Zergling x6  
  62  13:10  Zergling x4  
  62  13:11  Zergling x2  
  67  13:13  Ravager  
  67  13:19  Ravager x2  
  57  13:33  Roach x2  
  57  13:34  Roach x5  
  49  13:57  Roach x2  
  49  13:58  Roach x3  
  44  14:12  Roach x2  
  48  14:34  Spawning Pool  
  47  14:40  Evolution Chamber  
  43  15:07  Spawning Pool  
  42  15:16  Roach x12  
  42  15:22  Zergling x2  
  42  15:23  Zergling x10  
  48  15:37  Roach x12  
  48  16:00  Roach x10  
  48  16:02  Zergling x12  
  48  16:03  Zergling x6  
  41  16:26  Zergling x8  
  37  16:37  Baneling Nest  
  37  16:38  Zergling x4  
  38  17:07  Zergling x8  
  38  17:08  Zergling x2  
  39  17:30  Baneling x4  
  39  17:31  Baneling x5  
  39  17:32  Baneling  
  23  17:39  Zergling x10  
  23  17:40  Zergling x2  
Show
View Real Time Build Order
Export as new Build Order

CinDra Protoss - Winner!

Build Orders: Colossus Rush 

Get SALT Encoding   

  12  0:01  Probe  
  13  0:13  Probe  
  14  0:25  Probe  
  14  0:26  Pylon  
  15  0:44  Probe  
  15  0:49  Gateway  
  16  0:57  Probe  
  17  1:09  Probe  
  18  1:16  Assimilator  
  18  1:21  Probe  
  19  1:33  Probe  
  19  1:37  Zealot  
  22  1:43  Cybernetics Core  
  22  1:45  Probe  
  23  1:58  Pylon  
  23  2:11  Nexus  
  23  2:14  Assimilator  
  23  2:16  Probe, Pylon  
  23  2:18  Warp Gate (Chrono Boost)  
  24  2:28  Probe  
  25  2:45  Probe  
  25  2:49  Adept  
  28  2:57  Probe, Gateway  
  29  3:00  Robotics Facility  
  29  3:13  Probe  
  30  3:25  Probe  
  31  3:34  Stalker  
  33  3:40  Probe x2  
  35  3:48  Observer (Chrono Boost)  
  36  3:52  Probe x2  
  38  3:58  Robotics Bay  
  38  4:06  Twilight Council  
  38  4:14  Pylon  
  38  4:17  Assimilator  
  38  4:19  Probe x2  
  38  4:20  Assimilator  
  40  4:31  Warp Prism, Probe x2  
  41  4:36  Stalker  
  41  4:37  Stalker  
  48  4:43  Probe x2  
  50  4:47  Pylon  
  50  4:55  Probe x2  
  50  4:56  Blink  
  52  5:01  Stalker  
  52  5:02  Stalker  
  56  5:26  Stalker  
  56  5:27  Stalker  
  60  5:34  Colossus (Chrono Boost)  
  66  6:05  Nexus  
  66  6:09  Pylon  
  66  6:11  Probe, Pylon  
  66  6:12  Probe  
  68  6:21  Stalker  
  70  6:27  Probe x2  
  72  6:33  Stalker  
  72  6:36  Extended Thermal Lance  
  74  6:44  Probe x2  
  76  6:54  Gateway x2  
  76  6:56  Colossus, Probe  
  76  6:57  Probe  
  84  7:04  Stalker  
  86  7:17  Pylon  
  86  7:21  Pylon  
  86  7:25  Pylon  
  86  7:28  Probe x2  
  86  7:29  Probe  
  89  7:36  Assimilator  
  89  7:40  Probe, Assimilator  
  89  7:41  Probe x2  
  92  7:48  Stalker x2  
  96  7:59  Stalker  
  96  8:02  Stalker  
  100  8:06  Probe x3  
  103  8:36  Probe x3  
  103  8:39  Stalker  
  103  8:40  Stalker  
  110  8:47  Observer Gravitic Boosters  
  110  8:52  Stalker  
  110  8:53  Stalker  
  114  9:11  Gateway  
  114  9:12  Gateway  
  114  9:13  Gateway  
  114  9:22  Gateway  
  114  9:26  Gateway  
  114  9:29  Stalker  
  114  9:30  Stalker x2  
  120  9:31  Stalker  
  122  9:39  Pylon  
  122  9:42  Pylon  
  122  9:56  Colossus  
  122  10:26  Stalker x3  
  122  10:27  Stalker  
  130  10:43  Pylon  
  130  10:46  Pylon  
  130  10:48  Stalker  
  130  10:49  Stalker x4  
  130  11:09  Stalker  
  130  11:10  Stalker x2  
  136  11:20  Forge  
  136  11:21  Forge  
  136  12:00  Stalker  
  138  12:01  Stalker  
  138  12:02  Stalker x2  
  118  12:45  Stalker x3  
  118  12:46  Stalker  
  120  13:21  Stalker x3  
  120  13:22  Stalker x4  
  132  13:50  Stalker x3  
  132  13:51  Stalker x3  
  132  13:52  Stalker  
  138  14:01  Stalker  
  124  14:20  Colossus  
  124  14:23  Stalker x2  
  124  14:24  Stalker x2  
  136  14:25  Stalker x2  
  142  14:33  Protoss Ground Weapons Level 1  
  142  14:34  Protoss Ground Armor Level 1  
  142  14:39  Pylon  
  142  14:41  Pylon  
  142  14:42  Pylon  
  142  14:43  Pylon  
  142  14:50  Stalker x3  
  142  14:51  Stalker x3  
  154  15:16  Stalker  
  154  15:17  Stalker  
  154  15:18  Stalker x3  
  155  15:50  Observer  
  155  16:02  Stalker x2  
  155  16:03  Stalker x4  
  155  16:04  Stalker x2  
  151  16:47  Stalker x4  
  151  16:48  Stalker x2  
  163  17:19  Stalker x2  
  163  17:20  Stalker x2  
Tags
 
Add a new tag
Caveats
  • Supply blocks, unpowered buildings, or Contaminate may cause inaccurate times.
  • Supply counts are checked every 10 seconds.